 Dungeon Sprint DCSS version 0.29.1-15-g9cfb28693d (webtiles) character file.

Game seed: 5813433254993307592

75 Groucho the Sneak (level 4, -1/21 HPs)
             Began as a Spriggan Earth Elementalist on Apr 29, 2023.
             Was a Priest of Dithmenos.
             Killed from afar by a white imp (14 damage)
             ... with a puff of frost
             ... in the Dungeon (Sprint VII: "The Pits").
             The game lasted 00:03:35 (498 turns).

Groucho the Sneak (Spriggan Earth Elementalist)      Turns: 498, Time: 00:03:36

Health: -1/21      AC:  2    Str:  6    XL:     4   Next: 11%
Magic:  8/12       EV: 19    Int: 16    God:    Dithmenos [***...]
Gold:   0          SH:  0    Dex: 15    Spells: 9/13 levels left

rFire   . . .      SeeInvis +   d - +2 dagger
rCold   . . .      Faith    .   (no shield)
rNeg    . . .      Spirit   .   a - +0 robe
rPois   .          Reflect  .   (helmet restricted)
rElec   .          Harm     .   (no cloak)
rCorr   .          Rampage  .   (gloves unavailable)
Will    .....      NoTele   +   (boots unavailable)
Stlth   +++++.....              (no amulet)
HPRegen 0.07/turn               (no ring)
MPRegen 0.13/turn               (no ring)

@: wreathed by umbra, very quick
A: very small, no large weapons, unfitting armour, see invisible, speed 3
a: Renounce Religion, Shadow Step


You were in the Dungeon.
You worshipped Dithmenos.
Dithmenos was most pleased with you.
You visited 1 branch

Inventory:

Hand Weapons
 d - a +2 dagger (weapon)
Missiles
 k - 10 stones
Armour
 a - a +0 robe (worn)
Scrolls
 g - a scroll of blinking
 i - 5 scrolls of amnesia
 j - a scroll of summoning
Potions
 b - 5 potions of magic
 c - 5 potions of curing
 e - a potion of haste
 f - 3 potions of berserk rage
 h - 2 potions of invisibility
 l - 5 potions of heal wounds


   Skills:
 + Level 3.2 Short Blades
 + Level 5.4 Dodging
 + Level 6.3 Stealth
 + Level 5.1 Spellcasting
 + Level 0.2 Conjurations
 - Level 1.3 Transmutations
 + Level 4.3 Earth Magic


You had 9 spell levels left.
You knew the following spells:

 Your Spells              Type           Power      Damage    Failure   Level
a - Sandblast             Erth           34%        2d9       2%          1
b - Stone Arrow           Conj/Erth      22%        3d8       19%         3

Your spell library contained the following spells:

 Spells                   Type           Power      Damage    Failure   Level
 Passwall                 Tmut/Erth      10%        N/A       7%          2
 Petrify                  Tmut/Erth      13%        N/A       43%         4


Dungeon Overview and Level Annotations

Branches:
Dungeon (1/1)

Altars:
Ashenzari
Cheibriados
Dithmenos
Elyvilon
Fedhas
Gozag
Hepliaklqana
Kikubaaqudgha
Makhleb
Nemelex Xobeh
Okawaru
Qazlal
Ru
Sif Muna
Trog
Uskayaw
Vehumet
Wu Jian
Xom
Yredelemnul
Zin
The Shining One
Jiyva
Lugonu

Annotations:
D Menkaure


Innate Abilities, Weirdness & Mutations

You are very small and have problems with some larger weapons.
You are too small for most types of armour.
You have supernaturally acute eyesight. (SInv)
You cover ground extremely quickly. (Speed+++)


Message History

Confirm with . or Enter, or press ? or * to list all spells.
Aiming: Sandblast (safe; 2% risk of failure)
Press: ? - help, Shift-Dir - straight line, f - jackal, p - white imp
Aim: a jackal (umbra, 77% to hit)
The blast of sand hits the ufetubus.
You kill the ufetubus!
Dithmenos accepts your kill.
A jackal comes into view.
Menkaure, Prince of Dust comes into view.
Unknown command.
Unknown command.
The white imp gestures at you. The puff of frost hits you!
* * * LOW HITPOINT WARNING * * *
There is an open door here.
You feel better.
Unknown command.
Unknown command.
You start resting.
A white imp is nearby!
Casting: Sandblast (safe; 2% risk of failure)
Confirm with . or Enter, or press ? or * to list all spells.
Aiming: Sandblast (safe; 2% risk of failure)
Press: ? - help, Shift-Dir - straight line, f - white imp
Aim: a white imp (umbra, 82% to hit)
The blast of sand hits the white imp!
The white imp is severely wounded.
The white imp completely misses you.
Casting: Sandblast (safe; 2% risk of failure)
Confirm with . or Enter, or press ? or * to list all spells.
Aiming: Sandblast (safe; 2% risk of failure)
Press: ? - help, Shift-Dir - straight line, f/p - white imp
Aim: a white imp (severely wounded, umbra, 82% to hit)
The blast of sand misses the white imp.
The blast of sand hits the jackal!
You kill the jackal!
Dithmenos accepts your kill. The white imp gestures at you.
The puff of frost hits you!
Ouch! That really hurt!
You die...

############
#_________.#
#_________.#
#_______...#########
##########'##.......
#.?..')))'.##......#
##########.##.......
#†5@........')......
#h#####)#####......#
#.#...#†#[[##.......
#.#...#.#))#####'###
#.#...'.#))##.......
#5##'####))##.......
#.#.†...#..##.......
#h#.....#'###...<...
#.#........##.......


You could see a white imp and a jackal.

Vanquished Creatures
  A jelly (D)
  A gnoll (D)
  An adder (D)
  2 ufetubi (D)
  An adder zombie (D)
  A worm (D)
  5 jackals (D)
  2 frilled lizards (D)
  A goblin (D)
15 creatures vanquished.

Notes
Turn   | Place    | Note
-------+----------+-------------------------------------------
     0 | D        | Groucho the Spriggan Earth Elementalist began the quest for
                  | the Orb.
     0 | D        | Reached XP level 1. HP: 9/9 MP: 5/5
    23 | D        | Reached skill level 4 in Stealth
    84 | D        | Found a bloodstained altar of Trog.
    84 | D        | Found a shimmering blue altar of Sif Muna.
    84 | D        | Found a viscous altar of Jiyva.
    84 | D        | Found a hazy altar of Hepliaklqana.
    84 | D        | Found an opulent altar of Gozag.
    85 | D        | Found a glowing golden altar of the Shining One.
    85 | D        | Found a glowing silver altar of Zin.
    85 | D        | Found a basalt altar of Yredelemnul.
    85 | D        | Found a shimmering altar of Xom.
    85 | D        | Found an ornate altar of the Wu Jian Council.
    85 | D        | Found a sacrificial altar of Ru.
    85 | D        | Found a stormy altar of Qazlal.
    85 | D        | Found an iron altar of Okawaru.
    85 | D        | Found a sparkling altar of Nemelex Xobeh.
    85 | D        | Found a burning altar of Makhleb.
    85 | D        | Found a blossoming altar of Fedhas.
    85 | D        | Found a white marble altar of Elyvilon.
    85 | D        | Found a shadowy altar of Dithmenos.
    85 | D        | Found a snail-covered altar of Cheibriados.
    86 | D        | Found a radiant altar of Vehumet.
    86 | D        | Found a corrupted altar of Lugonu.
    87 | D        | Found an ancient bone altar of Kikubaaqudgha.
    87 | D        | Found a hide-covered altar of Uskayaw.
    87 | D        | Found a broken altar of Ashenzari.
    92 | D        | Became a worshipper of Dithmenos the Shadowed
   242 | D        | Reached * piety under Dithmenos
   243 | D        | Reached skill level 1 in Short Blades
   243 | D        | Reached XP level 2. HP: 13/13 MP: 5/7
   260 | D        | Reached skill level 5 in Stealth
   328 | D        | Reached ** piety under Dithmenos
   329 | D        | Reached XP level 3. HP: 16/16 MP: 5/9
   419 | D        | Reached *** piety under Dithmenos
   420 | D        | Reached skill level 5 in Dodging
   420 | D        | Reached skill level 6 in Stealth
   468 | D        | Learned a level 3 spell: Stone Arrow
   483 | D        | Reached skill level 5 in Spellcasting
   483 | D        | Reached XP level 4. HP: 14/21 MP: 9/12
   483 | D        | Noticed Menkaure
   498 | D        | Killed from afar by a white imp

Illustrated notes

Levels and vault maps discovered:
D:        pitsprint [storerooms_1, entrance_room_1, metal_vault_4, armoury_1,
          mini_pit_1, grid_room_1, main_hall_1, silver_pit, the_coven_1,
          the_vestibule_1, steel_vault_2, golden_pit, hallway_of_sentries,
          crystal_vault_5, iron_vault_3, final_vault]

Skill      XL: |  1  2  3 |
---------------+----------+-----
Dodging        | 4 5 |  5.4
Stealth        | 4 5 6 |  6.3
Spellcasting   | 3 4 5 |  5.1
Earth Magic    | 3 4 |  4.3
Short Blades   | 1 2 3 |  3.2
Conjurations   | |  0.2
Transmutations | |  1.3

Action                   |  1- 3 |  4- 6 || total
-------------------------+-------+-------++-------
Melee: Unarmed           |     2 |       ||     2
       Dagger            |     2 |       ||     2
 Cast: Sandblast         |    21 |     3 ||    24
  Use: Potion            |     1 |     1 ||     2
 Stab: Sleeping          |     2 |       ||     2
Armor: Robe              |     3 |       ||     3
Dodge: Dodged            |    10 |     1 ||    11
